Map: Winter's Gate LE

Players

Serral

  • Race: Zerg Zerg
  • League: Master
  • Spawn Location: 5:00

GOReynor (Reynor) - Winner!

  • Race: Zerg Zerg
  • League: Master
  • Spawn Location: 11:00

Event: HomeStory Cup XX

VOD

Have the link to the VOD?

Description

Time

  • Played on: Nov. 24, 2019, 3:54 p.m.
  • Length: 14:02

All games in this series

Show
View Real Time Build Order
Export as new Build Order

Serral Zerg 

Build Orders: Hatch First, Lurkers, Roach Hydra 

Get SALT Encoding   

  12  0:00  Drone  
  13  0:12  Overlord  
  13  0:16  Drone  
  14  0:31  Drone x2  
  16  0:47  Hatchery  
  15  0:51  Drone  
  15  0:54  Drone  
  17  0:57  Drone  
  18  1:08  Extractor  
  17  1:13  Spawning Pool  
  17  1:16  Drone  
  17  1:19  Drone  
  18  1:28  Drone  
  19  1:39  Drone  
  20  1:49  Drone  
  21  2:00  Queen x2, Overlord  
  21  2:01  Zergling x2  
  26  2:08  Metabolic Boost  
  26  2:11  Drone x2  
  28  2:21  Drone x2  
  30  2:32  Hatchery  
  30  2:35  Drone  
  30  2:38  Drone  
  30  2:43  Baneling Nest  
  30  2:45  Zergling x2  
  30  2:50  Overlord  
  31  2:53  Drone  
  31  2:56  Drone  
  33  3:04  Drone  
  34  3:06  Zergling x2  
  34  3:07  Zergling x2  
  34  3:11  Drone x2  
  34  3:12  Zergling x4  
  40  3:15  Overlord  
  40  3:20  Drone  
  40  3:21  Drone  
  40  3:25  Queen  
  44  3:27  Baneling  
  44  3:31  Evolution Chamber  
  44  3:32  Drone  
  44  3:34  Baneling  
  44  3:35  Baneling  
  44  3:37  Drone  
  44  3:39  Extractor  
  44  3:40  Zergling x2  
  45  3:42  Drone  
  45  3:43  Drone  
  45  3:44  Drone  
  48  3:53  Drone  
  48  3:54  Roach Warren  
  48  3:55  Drone  
  49  3:58  Zerg Missile Weapons Level 1  
  49  4:04  Drone  
  49  4:06  Overlord  
  49  4:09  Overlord  
  49  4:11  Drone  
  49  4:15  Zergling x2  
  51  4:17  Drone x2  
  51  4:19  Overlord  
  51  4:22  Overlord  
  53  4:34  Roach x2  
  53  4:35  Drone x2  
  59  4:43  Drone  
  59  4:44  Drone x5  
  64  4:46  Lair  
  64  4:51  Roach x3  
  70  4:55  Roach  
  70  4:57  Roach  
  74  5:00  Extractor  
  74  5:01  Extractor, Drone x3  
  75  5:09  Overlord  
  75  5:12  Drone x5  
  80  5:14  Pneumatized Carapace  
  80  5:18  Drone x2  
  82  5:24  Overlord x2  
  82  5:26  Overlord  
  82  5:31  Drone x3  
  82  5:33  Drone  
  85  5:38  Overlord  
  85  5:40  Roach x2  
  89  5:44  Overseer  
  89  5:45  Extractor  
  89  5:46  Extractor, Roach  
  89  5:47  Roach x2  
  93  5:54  Zerg Missile Weapons Level 2  
  93  5:59  Glial Reconstitution  
  93  6:04  Drone x8  
  93  6:05  Drone  
  93  6:10  Overlord x3  
  102  6:12  Roach x3  
  106  6:19  Evolution Chamber  
  106  6:22  Hydralisk Den, Drone  
  106  6:24  Drone x2  
  108  6:27  Hatchery  
  108  6:29  Roach  
  109  6:35  Overlord  
  109  6:37  Roach x3  
  115  6:43  Overlord  
  115  6:48  Overseer  
  115  6:50  Drone  
  115  6:52  Grooved Spines  
  115  6:53  Drone  
  117  6:54  Lurker Den  
  117  6:55  Spore Crawler x2  
  117  6:57  Spore Crawler, Hydralisk x3  
  119  7:03  Hydralisk x2  
  123  7:13  Hydralisk x5  
  133  7:16  Overlord  
  133  7:19  Overlord  
  133  7:20  Overlord  
  133  7:27  Overlord  
  133  7:28  Roach x3  
  138  7:31  Overlord  
  138  7:37  Overlord  
  138  7:38  Overlord x2  
  138  7:42  Roach  
  141  7:47  Roach x3  
  141  7:48  Roach x2  
  151  7:52  Lurker x4  
  151  7:57  Roach x4  
  161  8:04  Hydralisk x3  
  167  8:07  Drone  
  167  8:10  Overlord  
  167  8:12  Muscular Augments  
  168  8:21  Hydralisk  
  168  8:22  Hydralisk x3  
  176  8:32  Zerg Ground Armor Level 1  
  176  8:33  Overseer  
  174  8:36  Overlord x2  
  174  8:40  Infestation Pit  
  169  8:42  Spore Crawler  
  169  8:46  Hatchery  
  169  8:48  Lurker  
  168  8:50  Drone  
  167  8:56  Spore Crawler  
  162  9:03  Hydralisk  
  162  9:04  Hydralisk x5  
  162  9:08  Hatchery  
  163  9:13  Roach x5  
  173  9:21  Queen  
  171  9:31  Roach x7  
  168  9:33  Roach  
  168  9:35  Roach  
  168  9:37  Roach  
  171  9:41  Roach x3  
  174  9:53  Overlord x2  
  174  9:55  Hydralisk x2  
  174  9:56  Roach x6  
  184  10:15  Roach x5  
  184  10:19  Hydralisk x3  
  155  10:21  Hydralisk x2  
  155  10:25  Hydralisk x4  
  154  10:34  Lurker  
  154  10:35  Lurker, Hydralisk  
  154  10:39  Roach x3  
  162  10:43  Roach x2  
  160  10:50  Lurker x2  
  160  10:53  Hydralisk  
  160  10:54  Roach x4  
  160  10:55  Hatchery  
  168  11:02  Roach x3  
  168  11:03  Roach x2  
  179  11:04  Lurker  
  179  11:13  Roach x5  
  189  11:24  Roach x6  
  198  11:32  Hydralisk x2  
  187  11:33  Roach  
  179  11:42  Roach x5  
  185  11:49  Lurker  
  185  11:54  Roach x5  
  196  12:05  Roach x2  
  193  12:25  Roach  
  193  12:26  Roach x3  
  185  12:33  Roach x10  
  187  12:42  Roach x3  
  187  12:43  Roach x2  
  179  12:48  Roach x5  
  169  12:56  Roach x5  
  149  13:00  Roach x2  
  129  13:07  Roach x3  
  129  13:12  Roach x3  
  141  13:14  Ravager  
  141  13:15  Ravager x3  
  141  13:19  Roach  
  149  13:20  Roach x2  
  149  13:26  Roach x3  
  149  13:35  Ravager, Roach x4  
  158  13:42  Overlord  
  158  13:45  Ravager  
Show
View Real Time Build Order
Export as new Build Order

GOReynor Zerg - Winner!

Build Orders: Hatch First, Lurkers 

Get SALT Encoding   

  12  0:00  Drone  
  13  0:12  Overlord  
  13  0:17  Drone  
  14  0:30  Drone x2  
  16  0:47  Hatchery  
  15  0:51  Drone  
  15  0:55  Drone  
  17  0:57  Drone  
  18  1:09  Extractor  
  17  1:14  Spawning Pool  
  17  1:16  Drone  
  17  1:19  Drone  
  18  1:28  Drone  
  19  1:39  Drone  
  20  1:50  Overlord  
  20  1:58  Drone  
  20  2:00  Queen x2, Drone  
  26  2:10  Zergling x2  
  26  2:11  Drone  
  26  2:12  Metabolic Boost  
  28  2:20  Drone  
  29  2:23  Drone  
  30  2:32  Hatchery  
  30  2:35  Drone  
  30  2:37  Drone  
  30  2:41  Drone  
  32  2:44  Overlord  
  32  2:53  Drone  
  32  2:55  Drone  
  34  3:04  Drone  
  35  3:10  Zergling x14  
  42  3:16  Overlord  
  42  3:18  Roach Warren  
  41  3:22  Drone  
  42  3:28  Drone  
  42  3:34  Zergling x2  
  44  3:36  Queen  
  44  3:38  Drone  
  47  3:46  Overlord  
  47  3:55  Drone x3  
  49  3:58  Roach x4  
  57  4:03  Overlord, Evolution Chamber  
  57  4:07  Roach x2  
  57  4:08  Roach  
  62  4:10  Drone  
  62  4:12  Extractor  
  62  4:14  Extractor  
  62  4:16  Drone  
  62  4:22  Lair  
  62  4:23  Drone x3  
  65  4:26  Drone  
  65  4:29  Drone x2  
  68  4:32  Extractor, Drone  
  68  4:36  Overlord  
  68  4:40  Drone x2  
  69  4:47  Drone x3  
  69  4:51  Zerg Missile Weapons Level 1  
  69  4:52  Drone  
  73  4:55  Drone x3  
  73  4:57  Drone  
  73  4:59  Drone  
  78  5:06  Drone x3  
  81  5:07  Overlord  
  81  5:13  Overlord  
  81  5:20  Spire  
  80  5:22  Drone  
  80  5:25  Extractor, Drone x4  
  80  5:26  Extractor  
  80  5:27  Drone  
  84  5:30  Overlord  
  84  5:32  Drone x2  
  84  5:33  Drone  
  87  5:39  Overlord  
  87  5:40  Drone x2  
  87  5:42  Glial Reconstitution  
  89  5:48  Overlord  
  89  5:51  Drone x3  
  92  5:59  Drone x3  
  95  6:04  Baneling Nest  
  95  6:09  Hatchery, Overlord  
  95  6:10  Drone  
  94  6:22  Overlord x2  
  94  6:32  Mutalisk x9  
  96  6:36  Overlord  
  96  6:39  Mutalisk  
  112  6:43  Zerg Flyer Weapons Level 1  
  112  6:45  Overlord  
  113  6:50  Zerg Missile Weapons Level 2  
  113  6:57  Drone x5  
  118  7:02  Roach x7  
  118  7:03  Roach  
  118  7:06  Roach x2  
  138  7:08  Overlord  
  138  7:09  Extractor  
  138  7:10  Roach  
  139  7:26  Roach x10  
  154  7:31  Overlord  
  154  7:33  Baneling x2  
  154  7:35  Roach  
  154  7:36  Roach x3  
  161  7:38  Roach  
  161  7:43  Roach  
  161  7:44  Roach x2  
  169  7:50  Ravager x2  
  171  7:51  Overlord  
  171  7:53  Roach x3  
  171  7:56  Roach x2  
  180  7:58  Drone  
  180  8:00  Drone  
  180  8:05  Drone, Overlord  
  180  8:06  Drone  
  180  8:08  Roach  
  180  8:09  Infestation Pit  
  180  8:10  Drone x2  
  180  8:11  Extractor, Drone  
  185  8:13  Overlord  
  185  8:20  Overseer  
  181  8:28  Evolution Chamber  
  181  8:29  Queen, Drone x6  
  181  8:30  Drone x2  
  181  8:33  Ravager x2  
  188  8:36  Drone x3  
  188  8:39  Pneumatized Carapace  
  191  8:43  Roach x4  
  199  8:48  Hive  
  199  9:09  Ravager x2  
  199  9:10  Zerg Ground Armor Level 1  
  197  9:31  Roach x5  
  200  9:45  Overseer  
  200  9:52  Hydralisk Den, Drone  
  200  10:00  Overlord  
  200  10:01  Hatchery  
  200  10:02  Zerg Missile Weapons Level 3  
  193  10:16  Roach x12  
  169  10:22  Roach x18  
  169  10:25  Viper x3  
  169  10:27  Roach  
  192  10:28  Roach  
  192  10:29  Roach  
  192  10:33  Roach  
  192  10:34  Roach x2  
  194  10:38  Roach  
  196  10:48  Roach x3  
  198  10:59  Extractor  
  198  11:00  Extractor, Ravager x2  
  198  11:03  Ravager x2  
  198  11:04  Ravager  
  198  11:10  Muscular Augments, Lurker Den  
  198  11:16  Overlord  
  198  11:26  Overlord  
  198  11:32  Roach x8  
  198  11:38  Drone  
  198  11:39  Hydralisk x11  
  195  11:42  Roach x3  
  195  11:44  Roach  
  195  11:45  Roach x2  
  195  11:50  Burrow  
  195  11:51  Roach  
  195  11:52  Roach  
  199  11:56  Overlord  
  199  11:58  Seismic Spines  
  199  12:02  Overlord x2  
  199  12:09  Overlord  
  199  12:17  Overlord  
  195  12:26  Roach x2  
  175  12:31  Roach x13  
  175  12:36  Roach x13  
  200  12:39  Roach  
  200  12:44  Roach x4  
  196  12:49  Queen, Roach  
  196  12:51  Hydralisk  
  182  12:53  Hydralisk x2  
  182  12:56  Roach  
  167  13:00  Hydralisk  
  167  13:01  Lurker x2  
  167  13:02  Lurker  
  167  13:05  Drone x2  
  167  13:06  Drone x2  
  167  13:10  Lurker x2  
  170  13:20  Roach x5  
  180  13:31  Hydralisk x3, Roach x8  
Tags
 
Add a new tag
Caveats
  • Supply blocks, unpowered buildings, or Contaminate may cause inaccurate times.
  • Supply counts are checked every 10 seconds.